 Dungeon Crawl Stone Soup version 0.25-a0-424-g80bd347ae0 (webtiles) character file.

Game seed: 5095651423152053526, levelgen mode: deterministic

56 Gargoyl the Skirmisher (level 3, -11/27 HPs)
             Began as a Centaur Abyssal Knight on Jan 20, 2020.
             Was a Follower of Lugonu.
             Mangled by an ogre
             ... wielding a +0 giant spiked club
              (19 damage)
             ... on level 2 of the Dungeon.
             The game lasted 00:03:05 (1143 turns).

Gargoyl the Skirmisher (Centaur Abyssal Knight)     Turns: 1143, Time: 00:03:06

Health: -11/27     AC: 10    Str: 12    XL:     3   Next: 71%
Magic:  4/4        EV:  6    Int: 11    God:    Lugonu [*.....]
Gold:   138        SH:  0    Dex: 11    Spells: 2/2 levels left

rFire    + . .     SeeInvis .   j - +2 hand axe (flame)
rCold    + . .     Gourm    .   (no shield)
rNeg     . . .     Faith    .   h - +0 ring mail
rPois    .         Spirit   .   (no helmet)
rElec    .         Reflect  .   f - scarf {cloud immunity}
rCorr    .         Harm     .   (no gloves)
MR       .....                  d - +0 centaur barding of the Shrike {rF+}
Stlth    +.........             (no amulet)
HPRegen  0.09/turn              (no ring)
MPRegen  0.09/turn              (no ring)

@: very quick
A: large, hooves 3, thin skeletal structure 1, cold resistance 1, deformed body,
speed 2, frail 1, tough skin 3, weak 1
a: Depart the Abyss, Renounce Religion


You were on level 2 of the Dungeon.
You worshipped Lugonu.
Lugonu was aware of your devotion.
You were not hungry.

You visited 1 branch of the dungeon, and saw 2 of its levels.
You visited the Abyss 1 time.

You collected 138 gold pieces.

Inventory:

Hand Weapons
 a - a +1 hand axe
 j - a +2 hand axe of flaming (weapon)
Armour
 d - the +0 centaur barding of the Shrike (worn) {rF+}
   (You acquired it on level 2 of the Abyss)

   It protects you from fire.
 f - a scarf of cloud immunity (worn)
 h - a +0 ring mail (worn)
Scrolls
 b - a scroll of noise {unknown}
 g - 3 scrolls of teleportation {unknown}
 i - 4 scrolls of magic mapping {unknown}
 k - a scroll of fog {unknown}
 p - a scroll of random uselessness {unknown}
Potions
 l - 3 potions of ambrosia {unknown}
 m - 2 potions of heal wounds {unknown}
 n - a potion of might {unknown}
 q - a potion of agility {unknown}
Miscellaneous
 e - a box of beasts
Comestibles
 c - 4 rations


   Skills:
 + Level 3.6 Fighting
 + Level 2.1 Axes
 * Level 1.9 Armour
 * Level 1.2 Dodging
 * Level 2.3 Invocations


You had 2 spell levels left.
You didn't know any spells.
Your spell library was empty.

Dungeon Overview and Level Annotations

Branches:
Dungeon (2/15)

Altars:


Innate Abilities, Weirdness & Mutations

You have hooves in place of feet.
Armour fits poorly on your strangely shaped body.
You cover ground very quickly.
You have extremely tough skin. (AC +3)
You have a somewhat thin skeletal structure. (Dex +2, Stealth)
Your flesh is cold resistant. (rC+)
You are frail. (-10% HP)
You are weak. (Str -2)


Message History

You throw a javelin. The javelin barely misses the ogre.
The ogre barely misses you.
You hit the ogre but do no damage. You kick the ogre, but do no damage.
The ogre is lightly wounded.
You slash the ogre! You burn the ogre.
The ogre is moderately wounded.
The ogre hits you with a +0 giant spiked club!
Ouch! That really hurt!
You hit the ogre. You burn the ogre. You kick the ogre, but do no damage.
The ogre is severely wounded.
The ogre barely misses you.
You barely miss the ogre.
The ogre is severely wounded.
The ogre hits you with a +0 giant spiked club.
* * * LOW HITPOINT WARNING * * *
You hit the ogre. You burn the ogre.
The ogre is almost dead.
The ogre hits you with a +0 giant spiked club!!
Ouch! That really hurt!
You die...

# #.# # #. #.# ... #.
#.##.## ##. #...... ..##
###...# ..### ## #...# #
#.##.#$# #....
...[###.###.########....
.......@......#.........
.....##O....#...........
... #..######......... .
..((.# ######....
.O###.# #.... .. #.#
#...# . ..# #...# ###
#...# ###########(##


You could see an ogre.

Vanquished Creatures
  Jessica (D:2)
  An ooze (D:1)
  A worm (D:2)
  5 bats
  2 giant cockroaches (D:2)
  A goblin (D:2)
  3 hobgoblins
  3 kobolds
  A quokka (D:2)
  A frilled lizard (D:2)
  4 rats
23 creatures vanquished.

Notes
Turn   | Place    | Note
-------+----------+-------------------------------------------
     0 | Abyss:1  | Gargoyl the Centaur Abyssal Knight began the quest for the
                  | Orb.
     0 | Abyss:1  | Reached XP level 1. HP: 19/19 MP: 2/2
    33 | Abyss:2  | Got a heavily runed sapphire amulet
    34 | Abyss:2  | Identified the amulet "Cafure" {Spirit rN+ MP-9 Int+8
                  | Dex-2} (You found it on level 2 of the Abyss)
    37 | Abyss:2  | Gained mutation: You are frail. (-10% HP) [potion of
                  | mutation]
    37 | Abyss:2  | Gained mutation: You are weak. (Str -2) [potion of
                  | mutation]
    37 | Abyss:2  | Gained mutation: You have a somewhat thin skeletal
                  | structure. (Dex +2, Stealth) [potion of mutation]
    37 | Abyss:2  | Gained mutation: Your flesh is cold resistant. (rC+)
                  | [potion of mutation]
    39 | Abyss:2  | Noticed a small abomination
    59 | Abyss:2  | Identified a scroll of acquirement
    59 | Abyss:2  | Identified the +0 centaur barding of the Shrike {rF+} (You
                  | acquired it on level 2 of the Abyss)
    63 | D:1      | Escaped the Abyss
   371 | D:1      | Reached XP level 2. HP: 19/23 MP: 3/3
   545 | D:2      | Noticed Jessica
   556 | D:2      | Killed Jessica
   556 | D:2      | Reached skill level 1 in Dodging
   556 | D:2      | Reached XP level 3. HP: 27/27 MP: 4/4
   563 | D:2      | Reached * piety under Lugonu
  1133 | D:2      | Noticed an ogre
  1143 | D:2      | Mangled by an ogre

Levels and vault maps discovered:
D:1:      dpeg_arrival_three_same_balls, layout_rooms
D:2:      layout_loops_cross, uniq_jessica

Skill      XL: |  1  2 |
---------------+-------+-----
Axes           | 2 |  2.1
Dodging        | 1 |  1.2
Fighting       | |  3.6
Armour         | |  1.9
Invocations    | |  2.3

Action                   || total
-------------------------++-------
Melee: Hand axe          ||    65
       Kick              ||    11
Throw: Javelin           ||     2
Invok: Depart the Abyss  ||     1
  Use: Scroll            ||     1
       Potion            ||     1
Armor: Ring mail         ||    44
Dodge: Dodged            ||    21

Table legend:
 A = Non-vault XP
 B = Vault XP
 C = Vault XP percentage of total XP
 D = Non-vault monster count
 E = Vault monster count
 F = Vault count percentage of total count
                 A         B        C        D         E       F
            +---------+---------+-------+---------+---------+-------
      Total |      44 |      37 |  45.7 |      22 |       1 |   4.3
            +---------+---------+-------+---------+---------+-------
        D:1 |      16 |       0 |   0.0 |       6 |       0 |   0.0
        D:2 |      28 |      37 |  56.9 |      16 |       1 |   5.9
            +---------+---------+-------+---------+---------+-------
